 Dungeon Crawl Stone Soup version 0.31-a0-240-gb923e448b6 (webtiles) character file.

Game seed: 2070773872858516691

25 qw the Shooter (level 3, -3/21 HPs)
             Began as a Gargoyle Hexslinger on July 11, 2023.
             Slain by Jessica
             ... wielding a +0 club
              (5 damage)
             ... on level 2 of the Dungeon.
             The game lasted 00:00:20 (662 turns).

qw the Shooter (Gargoyle Hexslinger)                 Turns: 662, Time: 00:00:21

Health: -3/21      AC:  9    Str: 11    XL:     3   Next: 6%
Magic:  4/4        EV: 10    Int: 13    God:
Gold:   41         SH:  0    Dex: 14    Spells: 3/4 levels left

rFire   . . .        Y - +1 sling
rCold   + . .        (no shield)
rNeg    + . .        i - +0 ring mail
rPois   inf          (no helmet)
rElec   +            (no cloak)
rCorr   .            d - +0 pair of gloves
SInv    .            (no boots)
Will    .....        (no amulet)
Stlth   +            f - ring of protection from cold
HPRegen 0.23/turn    (no ring)
MPRegen 0.09/turn

%: no passive effects
@: no status effects
A: sickness immunity, AC +3, negative energy resistance 1, electricity
resistance, torment resistance 1, petrification resistance
a: no special abilities


You were on level 2 of the Dungeon.
You visited 1 branch of the dungeon, and saw 2 of its levels.

You collected 41 gold pieces.


Innate Abilities, Weirdness & Mutations

You are immune to sickness and miasma.
Your stone body is resilient. (AC +3)
You are immune to poison.
You resist negative energy. (rN+)
You are resistant to electric shocks. (rElec)
You are resistant to unholy torment.
You are immune to petrification.


   Skills:
 - Level 2.0 Fighting
 - Level 3.0 Ranged Weapons
 + Level 0.2 Armour
 - Level 1.5 Dodging
 - Level 1.0 Spellcasting
 - Level 2.6 Hexes


You had 3 spell levels left.
You knew the following spells:

 Your Spells              Type           Power      Damage    Failure   Level
a - Slow                  Hex            28%        N/A       22%         1

Your spell library contained the following spells:

 Spells                   Type           Power      Damage    Failure   Level
 Inner Flame              Hex/Fire       4%         N/A       75%         3
 Portal Projectile        Hex/Tloc       8%         N/A       75%         3
 Cause Fear               Hex            3%         N/A       92%         4

Inventory:

Hand Weapons
 Y - a +1 sling (weapon)
Armour
 d - a +0 pair of gloves (worn)
 i - a +0 ring mail (worn)
Jewellery
 f - a ring of protection from cold (left hand)
Scrolls
 a - a scroll of torment {unknown}
Potions
 e - a potion of curing {unknown}
 g - a potion of lignification {unknown}
 h - a potion of mutation {unknown}

Dungeon Overview and Level Annotations

Branches:
Dungeon (2/15)

Altars:

Annotations:
D:2 Jessica


Message History

Jessica casts a spell at you. Pain shoots through your body!
You shoot a sling bullet. The sling bullet hits Jessica.
Jessica is moderately wounded.
Jessica gestures at you while chanting.
You barely resist. Jessica closely misses you.
You shoot a sling bullet.
The sling bullet closely misses Jessica.
Jessica barely misses you. Jessica gestures at you while chanting.
Pain shoots through your body!
You shoot a sling bullet. The sling bullet hits Jessica.
Jessica is moderately wounded.
Jessica hits you but does no damage. Jessica hits you with a +0 club.
You shoot a sling bullet.
The sling bullet closely misses Jessica.
Jessica mumbles some strange words.
Jessica blinks!
Jessica says, "Why did you come here?"
You shoot a sling bullet. The sling bullet barely misses Jessica.
You shoot a sling bullet.
The sling bullet hits Jessica but does no damage.
Jessica is moderately wounded.
Jessica hits you with a +0 club.
Jessica points at you and mumbles some strange words.
You barely resist. You shoot a sling bullet. The sling bullet hits Jessica.
Jessica is heavily wounded.
Jessica hits you with a +0 club. Jessica hits you but does no damage. x2
You shoot a sling bullet. The sling bullet hits Jessica.
Jessica is heavily wounded.
Jessica hits you with a +0 club. x2
You shoot a sling bullet. The sling bullet barely misses Jessica.
Jessica hits you but does no damage.
You shoot a sling bullet.
The sling bullet hits Jessica but does no damage.
Jessica is heavily wounded.
Jessica casts a spell at you. Pain shoots through your body!
Jessica hits you with a +0 club.
You die...

...... ...!..
#...... .......
....... .......
########.......
#.....@@.......
#.#######+#####
#.# #.#
#.######
#......#
######.#
#####.)<#.#
#.........#


You could see Jessica (fast).

Vanquished Creatures
  A bat (D:1)
  An endoplasm (D:1)
  4 giant cockroaches (D:1)
  2 goblins (D:1)
  3 hobgoblins (D:1)
  2 quokkas (D:1)
  2 ball pythons (D:1)
  2 frilled lizards (D:1)
  4 kobolds
  A rat (D:1)
22 creatures vanquished.

Notes
Turn   | Place    | Note
-------+----------+-------------------------------------------
     0 | D:1      | qw the Gargoyle Hexslinger began the quest for the Orb.
     0 | D:1      | Reached XP level 1. HP: 12/12 MP: 2/2
     0 | D:1      | 0 ||| qw: Version: 0.3-a-52-g30416fa
     0 | D:1      | 0 ||| qw: Game counter: 5978
     0 | D:1      | 0 ||| qw: Melee chars always use a shield: true
     0 | D:1      | 0 ||| qw: God list: Okawaru
     0 | D:1      | 0 ||| qw: Allow faded altars: false
     0 | D:1      | 0 ||| qw: Do Orc after clearing Dungeon:15 true
     0 | D:1      | 0 ||| qw: Do second Lair branch before Depths: true
     0 | D:1      | 0 ||| qw: Lair rune preference: random
     0 | D:1      | 0 ||| qw: Goals: Normal
     0 | D:1      | 0 ||| PLANNING D:1-11
   109 | D:1      | Reached XP level 2. HP: 13/16 MP: 3/3
   223 | D:1      | Reached skill level 3 in Ranged Weapons
   492 | D:1      | 492 ||| FLEEEEING.
   494 | D:1      | 494 ||| FLEEEEING.
   495 | D:1      | 495 ||| FLEEEEING.
   498 | D:1      | Reached XP level 3. HP: 20/21 MP: 4/4
   588 | D:1      | 588 ||| UPGRADING to +0 pair of gloves.
   593 | D:1      | 593 ||| UPGRADING to +0 ring mail.
   603 | D:1      | 603 ||| DROPPING +0 robe.
   604 | D:1      | 604 ||| UPGRADING to ring of protection from cold.
   605 | D:1      | 605 ||| DROPPING ring of wizardry.
   606 | D:1      | 606 ||| READING scroll labelled GAVAHEVIVUSK.
   610 | D:1      | 610 ||| READING scroll labelled EJUAKE REOPESE.
   611 | D:1      | 611 ||| DROPPING scroll of poison.
   650 | D:2      | Noticed Jessica
   660 | D:2      | HP: 4/21 [Jessica/+0 club (2)]
   662 | D:2      | Slain by Jessica

Levels and vault maps discovered:
D:1:      minmay_arrival_radiant_lines, layout_loops_ring
D:2:      layout_basic, basic_altar, minmay_pentomino_q4, uniq_jessica,
          uniq_crazy_yiuf_cottage, uniq_natasha

Skill      XL: |  1  2 |
---------------+-------+-----
Ranged Weapons | 3 |  3.0
Fighting       | 2 |  2.0
Armour         | |  0.2
Dodging        | |  1.5
Spellcasting   | |  1.0
Hexes          | |  2.6

Action                     || total
---------------------------++-------
   Fire: Sling             ||    85
    Use: Scroll            ||     2
 Armour: Robe              ||     9
         Ring mail         ||     4
  Dodge: Dodged            ||    32

Table legend:
 A = Non-vault XP
 B = Vault XP
 C = Vault XP percentage of total XP
 D = Non-vault monster count
 E = Vault monster count
 F = Vault count percentage of total count
                 A         B        C        D         E       F
            +---------+---------+-------+---------+---------+-------
      Total |      37 |       0 |   0.0 |      22 |       0 |   0.0
            +---------+---------+-------+---------+---------+-------
        D:1 |      35 |       0 |   0.0 |      21 |       0 |   0.0
        D:2 |       2 |       0 |   0.0 |       1 |       0 |   0.0
            +---------+---------+-------+---------+---------+-------
